 Dungeon Crawl Stone Soup version 0.30-a0-121-gb27577e5d9 (webtiles) character file.

Game seed: 11405021354266162734

1290 IdlyInterested the Twirler (level 8, -2/90 HPs)
             Began as a Demonspawn Wanderer on Sept 14, 2022.
             Slain by a yak (4 damage)
             ... on level 6 of the Dungeon.
             The game lasted 00:21:49 (6463 turns).

IdlyInterested the Twirler (Demonspawn Wanderer)    Turns: 6463, Time: 00:21:51

Health: -2/90      AC: 14    Str: 14    XL:     8   Next: 30%
Magic:  11/11      EV: 10    Int: 17    God:
Gold:   282        SH: 13    Dex:  6    Spells: 11/12 levels left

rFire   + . .      SeeInvis +    i - +5 quarterstaff (chaos)
rCold   . . .      Faith    .    (shield currently unavailable)
rNeg    . . .      Spirit   .    q - +4 ring mail of Cynicism {rF+ rCorr Dex-4}
rPois   .          Reflect  +    (helmet restricted)
rElec   .          Harm     .    r - +0 cloak
rCorr   +          Rampage  .    (no gloves)
Will    .....                    (no boots)
Stlth   ..........               p - amulet of reflection
HPRegen 0.25/turn                s - ring of see invisible
MPRegen 0.12/turn                D - +4 ring of protection

@: berserking, very quick
A: horns 1, large bone plates 1, powered by death 1, condensation shield
a: no special abilities


You were on level 6 of the Dungeon.
You visited 2 branches of the dungeon, and saw 7 of its levels.

You collected 282 gold pieces.

Inventory:

Hand Weapons
 a - a +1 spear
 c - a +3 flail of protection
 i - a +5 quarterstaff of chaos (weapon)
 z - a +0 whip of flaming
 A - a +0 glaive
Missiles
 x - 3 boomerangs
 C - a throwing net
Armour
 d - a +1 leather armour
 h - a +0 ring mail
 q - the +4 ring mail of Cynicism (worn) {rF+ rCorr Dex-4}
   (You found it on level 5 of the Dungeon)

   Dex:       It affects your dexterity (-4).
   rF:        It protects you from fire.
   rCorr:     It protects you from acid and corrosion.
 r - a +0 cloak (worn)
 y - a +0 scale mail
Jewellery
 p - an amulet of reflection (around neck)
 s - a ring of see invisible (left hand)
 D - a +4 ring of protection (right hand)
 F - a +4 ring of evasion
Wands
 u - a wand of iceblast (4)
Scrolls
 b - 2 scrolls of fear
 j - a scroll of torment
 k - 3 scrolls of vulnerability
 n - 2 scrolls of amnesia
 o - a scroll of identify
 t - a scroll of teleportation
 B - a scroll of enchant armour
 E - a scroll of magic mapping
 G - a scroll of enchant weapon
Potions
 e - a potion of mutation
 f - a potion of heal wounds {unknown}
 g - 2 potions of curing
 l - a potion of attraction
 m - 4 potions of flight
 v - a potion of haste
 w - 2 potions of berserk rage


   Skills:
 - Level 4.0 Fighting
 - Level 1.9(4.7) Polearms
 * Level 6.8(6.9) Staves
 - Level 1.0 Throwing
 - Level 2.0 Armour
 - Level 2.0 Dodging
 - Level 1.0 Stealth
 - Level 1.0 Shields
 + Level 2.5 Spellcasting
 - Level 4.0 Poison Magic
 - Level 2.0 Evocations


You had 11 spell levels left.
You knew the following spells:

 Your Spells              Type           Power      Damage    Failure   Level
a - Sting                 Tmut/Pois      32%        1d4       16%         1

Your spell library contained the following spells:

 Spells                   Type           Power      Damage    Failure   Level
 Cigotuvi's Dreadful Rot  Necr/Pois/Air  12%        N/A       32%         2
 Sandblast                Erth           4%         2d4       36%         1
 Passwall                 Tmut/Erth      1%         N/A       50%         2
 Mephitic Cloud           Conj/Pois/Air  6%         N/A       54%         3
 Stone Arrow              Conj/Erth      4%         3d7       73%         3
 Summon Ice Beast         Ice/Summ       2%         N/A       98%         4
 Summon Mana Viper        Hex/Summ       2%         N/A       100%        5
 Monstrous Menagerie      Summ           1%         N/A       100%        7


Dungeon Overview and Level Annotations

Branches:
Dungeon (6/15)             Temple (1/1) D:4

Altars:
Ashenzari
Dithmenos
Fedhas
Gozag
Hepliaklqana
Kikubaaqudgha
Makhleb
Nemelex Xobeh
Qazlal
Ru
Sif Muna
Uskayaw
Vehumet
Wu Jian
Xom
Yredelemnul


Innate Abilities, Weirdness & Mutations

You have a pair of small horns on your head.
You are partially covered in large bone plates. (SH +4)
You regenerate a little health from kills.
A meltable shield of frost defends you. (SH +4)


Message History

The floating eye is severely wounded.
The floating eye changes into a swamp dragon!
The shadow imp barely misses you. You block the yak's attack. x2
The yak gores you.
You sock the swamp dragon! You drain the swamp dragon.
The swamp dragon is severely wounded.
You block the shadow imp's attack. The yak barely misses you.
You block the yak's attack. The yak gores you but does no damage.
The yak barely misses you.
The giant cockroach bites you but does no damage.
The swamp dragon bites you.
The swamp dragon claws you but does no damage.
The swamp dragon tramples you but does no damage.
You thump the swamp dragon!
The swamp dragon easily resists.
The swamp dragon is severely wounded.
You block the giant cockroach's attack. The yak barely misses you.
The yak gores you! The shadow imp gestures at you.
Pain shoots through your body! The yak gores you but does no damage.
The yak closely misses you.
You hit the swamp dragon. You burn the swamp dragon.
The swamp dragon is almost dead.
You block the swamp dragon's attack.
The swamp dragon claws you but does no damage.
You block the swamp dragon's attack.
The giant cockroach bites you but does no damage.
The yak barely misses you. The yak gores you.
* * * LOW HITPOINT WARNING * * *
The yak gores you but does no damage.
The shadow imp hits you but does no damage.
The yak gores you!
* * * LOW HITPOINT WARNING * * *
A red film seems to cover your vision as you go berserk!
You feel yourself moving faster!
You feel mighty!
The swamp dragon changes into a cane toad!
The giant cockroach bites you but does no damage.
The shadow imp hits you.
* * * LOW HITPOINT WARNING * * *
You block the yak's attack. x2; The yak gores you.
You die...

.........
####..........
~~............
~.............
....Y.........
#.............
##.Y#.........
...##.YF#.......#
.....Y5@Yr.....#
......BYY...#..# .
#..............##..#
....#..............#
..#.##.####.<......#
# # ## #........#
#.........
###.#..... #####..


You could see 5 yaks, a cane toad shaped shifter, an ice beast, a shadow imp, a
quokka and a giant cockroach.

Vanquished Creatures
  A meliai (shapeshifter) (D:5)
  An ice beast (D:5)
  4 ogres
  4 lemures (D:4)
  A scorpion (D:4)
  A hound (D:5)
  A jelly (D:5)
  Crazy Yiuf (D:2)
  A gnoll bouda (D:4)
  An iguana (D:5)
  An orc wizard (D:5)
  An adder (D:3)
  9 gnolls
  A white imp (D:5)
  An ufetubus (D:5)
  2 worms
  3 dart slugs
  5 orcs
  6 bats
  5 endoplasms
  5 giant cockroaches
  4 goblins
  11 hobgoblins
  2 jackals (D:4)
  6 kobolds
  6 quokkas
  4 ball pythons
  2 frilled lizards (D:2)
  2 rats
92 creatures vanquished.

Notes
Turn   | Place    | Note
-------+----------+-------------------------------------------
     0 | D:1      | IdlyInterested the Demonspawn Wanderer began the quest for
                  | the Orb.
     0 | D:1      | IdlyInterested set off with the following items: a +1
                  | spear, a scroll of fear, a +0 robe; and the following spell
                  | memorised: Sting; and the following spells available to
                  | memorise: Cigotuvi's Dreadful Rot, Mephitic Cloud.
     0 | D:1      | Reached XP level 1. HP: 16/16 MP: 2/2
   163 | D:1      | Gained mutation: You regenerate a little health from kills.
                  | [demonic ancestry]
   163 | D:1      | Reached XP level 2. HP: 21/23 MP: 3/3
  1195 | D:2      | Gained mutation: A meltable shield of frost defends you.
                  | (SH +4) [demonic ancestry]
  1195 | D:2      | Reached XP level 3. HP: 27/28 MP: 4/4
  2132 | D:2      | Found a runed translucent door.
  2133 | D:2      | Noticed Crazy Yiuf
  2250 | D:2      | HP: 1/29 [Crazy Yiuf/+4 quarterstaff of chaos (13)]
  2255 | D:2      | Killed Crazy Yiuf
  2256 | D:2      | Reached XP level 4. HP: 2/35 MP: 1/5
  2972 | D:3      | Found a faded altar of an unknown god.
  3803 | D:4      | Noticed a scorpion
  3809 | D:4      | Killed a scorpion
  3810 | D:4      | Reached skill level 1 in Staves
  3810 | D:4      | Reached skill level 1 in Dodging
  3810 | D:4      | Gained mutation: You are partially covered in large bone
                  | plates. (SH +4) [demonic ancestry]
  3810 | D:4      | Reached XP level 5. HP: 42/42 MP: 3/6
  4094 | D:4      | Noticed a lemure
  4094 | D:4      | Noticed a lemure
  4094 | D:4      | Noticed Pikel
  4094 | D:4      | Noticed a lemure
  4105 | D:4      | Noticed Pikel
  4105 | D:4      | Pikel changed into Pikel the glowing shapeshifter
  4105 | D:4      | Noticed Pikel
  4105 | D:4      | Pikel the glowing shapeshifter changed into Pikel the
                  | merfolk
  4106 | D:4      | Banished Pikel the merfolk
  4107 | D:4      | Reached skill level 3 in Staves
  4107 | D:4      | Gained mutation: You have a pair of small horns on your
                  | head. [demonic ancestry]
  4107 | D:4      | Reached XP level 6. HP: 31/48 MP: 1/7
  4124 | D:4      | HP: 2/48 [lemure[Pikel] (13)]
  4564 | D:4      | Found a staircase to the Ecumenical Temple.
  4575 | D:4      | Reached skill level 4 in Staves
  4580 | D:4      | Reached skill level 1 in Stealth
  4591 | Temple   | Entered the Ecumenical Temple
  5162 | D:4      | Found a sacrificial altar of Ru.
  5302 | D:5      | Entered Level 5 of the Dungeon
  5356 | D:5      | Noticed an ice beast
  5367 | D:5      | Reached XP level 7. HP: 48/54 MP: 6/8
  5377 | D:5      | Reached skill level 1 in Throwing
  5394 | D:5      | Reached skill level 5 in Staves
  5491 | D:5      | Reached skill level 1 in Shields
  5698 | D:5      | Identified the +4 ring mail of Cynicism {rF+ rCorr Dex-4}
  6134 | D:5      | Found a hazy altar of Hepliaklqana.
  6270 | D:5      | Reached skill level 6 in Staves
  6273 | D:5      | Reached XP level 8. HP: 60/60 MP: 8/10
  6274 | D:5      | Noticed a shapeshifter
  6274 | D:5      | a scorpion changed into a shapeshifter
  6274 | D:5      | Noticed a culicivora
  6274 | D:5      | a shapeshifter changed into a culicivora
  6277 | D:5      | Noticed a meliai
  6277 | D:5      | a culicivora changed into a meliai
  6283 | D:5      | Killed a meliai
  6449 | D:6      | Noticed a glowing shapeshifter
  6449 | D:6      | a yak changed into a glowing shapeshifter
  6449 | D:6      | Noticed an orb spider
  6449 | D:6      | a glowing shapeshifter changed into an orb spider
  6450 | D:6      | Noticed a swamp dragon
  6450 | D:6      | an orb spider changed into a swamp dragon
  6456 | D:6      | Noticed a yaktaur
  6456 | D:6      | a swamp dragon changed into a yaktaur
  6458 | D:6      | a yaktaur changed into a floating eye
  6459 | D:6      | Noticed a swamp dragon
  6459 | D:6      | a floating eye changed into a swamp dragon
  6463 | D:6      | Noticed a cane toad
  6463 | D:6      | a swamp dragon changed into a cane toad
  6463 | D:6      | HP: 2/90 [shadow imp (5)]
  6463 | D:6      | Slain by a yak

Illustrated notes

Levels and vault maps discovered:
D:1:      matt_arrival_grand_opening, layout_loops_ring, kennysheep_minor_cross
D:2:      layout_basic, serial_co_window_serial, co_window_paths_a,
          co_window_of_opportunity_a, co_window_paths_b,
          co_window_of_opportunity_a, co_window_corner_a, co_window_corner_ca,
          co_window_paths_c, co_window_corner_b, co_window_broadway_b,
          co_window_paths_c, co_window_of_opportunity_b, uniq_crazy_yiuf_cottage
D:3:      layout_loops_ring, hellmonk_ecumenical_altar_lost_god,
          kennysheep_generic_room_5
D:4:      layout_loops_ring, nicolae_ru_path_of_blood,
          minmay_temple_entry_mini_moons, uniq_pikel
D:5:      layout_basic, nzn_hepliaklqana_mist_gate, st_stairs_4,
          chequers_serial_rivers_room_b, kennysheep_small_circle
D:6:      layout_cave_pools, mainiacjoe_overflow_24_doors, portal_sewer_entry_f,
          minivault_19, minmay_bent
Temple:   bh_familiar_temple

Skill      XL: |  1  2  3  4  5  6  7  8 |
---------------+-------------------------+-----
Fighting       | 3 4 |  4.0
Armour         | 2 |  2.0
Staves         | 1 3 4 6 |  6.8
Dodging        | 1 2 |  2.0
Stealth        | 1 |  1.0
Throwing       | 1 |  1.0
Evocations     | 2 |  2.0
Shields        | 1 |  1.0
Spellcasting   | 2 |  2.5
Polearms       | |  1.9
Poison Magic   | |  4.0

Action                   |  1- 3 |  4- 6 |  7- 9 || total
-------------------------+-------+-------+-------++-------
Melee: Spear             |   102 |       |       ||   102
       Punch             |     1 |       |       ||     1
       Quarterstaff      |       |    87 |    94 ||   181
       Headbutt          |       |     9 |    15 ||    24
 Cast: Sting             |     8 |    15 |     6 ||    29
  Use: Scroll            |     3 |     9 |     3 ||    15
       Potion            |     2 |     4 |     1 ||     7
 Stab: Petrifying        |       |     1 |       ||     1
Armor: Leather armour    |    29 |     9 |     3 ||    41
       Ring mail         |       |       |    34 ||    34
Dodge: Dodged            |    38 |    23 |    31 ||    92
Block: Other             |     4 |    44 |    82 ||   130
       Reflection        |       |     2 |       ||     2

Table legend: (Time is in decaauts)
 A = Elapsed time spent in this place.
 B = Non-inter-level travel time spent in this place.
 C = Inter-level travel time spent in this place.
 D = Time resting spent in this place.
 E = Time spent auto-exploring this place.
 F = Levels seen in this place.
 G = Mean time per level.
                   A        B        C        D        E       F      G
               +--------+--------+--------+--------+--------+-----+--------+
         Total |   6481 |   5576 |    905 |   1332 |   3210 |   7 |  925.9 |
       Dungeon |   6241 |   5355 |    886 |   1332 |   2992 |   6 | 1040.2 |
        Temple |    239 |    220 |     19 |      0 |    218 |   1 |  239.0 |
               +--------+--------+--------+--------+--------+-----+--------+

Top non-repeatable levels by time:
     D:2: 1802 daAuts
     D:4: 1332 daAuts
     D:1: 1124 daAuts
     D:5: 1014 daAuts
     D:3: 938 daAuts
  Temple: 239 daAuts
     D:6: 29 daAuts
